 Dungeon Crawl Stone Soup version 0.28.0 (console) character file.

Game seed: 16928233754886595634

262 ryathie the Magician (level 5, 0/28 HPs)
             Began as a Deep Elf Hedge Wizard on Feb 14, 2022.
             Was an Initiate of Vehumet.
             Succumbed to an adder's poison
             ... on level 5 of the Dungeon.
             The game lasted 00:11:35 (4667 turns).

ryathie the Magician (Deep Elf Hedge Wizard)        Turns: 4667, Time: 00:11:36

Health: 0/28       AC:  2    Str:  7    XL:     5   Next: 97%
Magic:  7/15       EV: 12    Int: 27    God:    Vehumet [......]
Gold:   166        SH:  0    Dex: 14    Spells: 4/16 levels left

rFire   . . .      SeeInvis .   a - +0 dagger
rCold   . . .      Faith    .   (no shield)
rNeg    . . .      Spirit   .   b - +0 robe
rPois   .          Reflect  .   c - +0 hat
rElec   .          Harm     .   (no cloak)
rCorr   .          Rampage  .   (no gloves)
Will    +....                   (no boots)
Stlth   ++........              d - amulet of the acrobat
HPRegen 0.09/turn               n - ring of willpower
MPRegen 0.14/turn               m - +6 ring of intelligence

@: lethally poisoned (0 -> -3), on blink cooldown, flying
A: no striking features
a: Renounce Religion


You were on level 5 of the Dungeon.
You worshipped Vehumet.
Vehumet was noncommittal.
You visited 2 branches of the dungeon, and saw 6 of its levels.
You also visited: Sewer.

You collected 166 gold pieces.

Inventory:

Hand Weapons
 a - a +0 dagger (weapon)
Armour
 b - a +0 robe (worn)
 c - a +0 hat (worn)
Jewellery
 d - an amulet of the acrobat (around neck)
 m - a +6 ring of intelligence (right hand)
 n - a ring of willpower (left hand)
Scrolls
 e - a scroll of brand weapon
 h - 2 scrolls of immolation
 j - a scroll of magic mapping
 l - a scroll of enchant weapon {unknown}
 p - a scroll of fog {unknown}
 t - a scroll of teleportation {unknown}
Potions
 g - a potion of heal wounds
 i - a potion of mutation
 k - 3 potions of flight
 q - 2 potions of resistance {unknown}
 r - a potion of magic {unknown}
 s - a potion of curing


   Skills:
 - Level 2.4 Dodging
 - Level 2.4 Stealth
 - Level 6.0 Spellcasting
 * Level 3.9 Conjurations
 + Level 2.3 Summonings
 - Level 1.1 Translocations
 - Level 2.0 Air Magic
 - Level 2.0 Poison Magic


You had 4 spell levels left.
You knew the following spells:

 Your Spells              Type           Power      Damage    Failure   Level
a - Magic Dart            Conj           100%       1d8       1%          1
b - Call Imp              Summ           20%        N/A       3%          2
c - Mephitic Cloud        Conj/Pois/Air  22%        N/A       7%          3
d - Conjure Flame         Conj/Fire      18%        6-21      9%          3
B - Blink                 Tloc           28%        N/A       6%          2
C - Slow                  Hex            32%        N/A       6%          1

Your spell library contained the following spells:

 Spells                   Type           Power      Damage    Failure   Level
 Lesser Beckoning         Tloc           14%        N/A       12%         3
 Summon Ice Beast         Ice/Summ       14%        N/A       38%         4
 Manifold Assault         Tloc           14%        N/A       75%         5
 Summon Mana Viper        Hex/Summ       14%        N/A       75%         5
 Monstrous Menagerie      Summ           10%        N/A       100%        7


Dungeon Overview and Level Annotations

Branches:
Dungeon (5/15)             Temple (1/1) D:4           Sewer (visited)

Altars:
Ashenzari
Cheibriados
Dithmenos
Elyvilon
Fedhas
Gozag
Hepliaklqana
Kikubaaqudgha
Makhleb
Okawaru
Qazlal
Ru
Sif Muna
Trog
Uskayaw
Vehumet
Wu Jian
Xom
Yredelemnul
Zin
The Shining One

Annotations:
D:5 Edmund


Message History

Something misses your crimson imp. The bullfrog skeleton hits you.
Your crimson imp hits the bullfrog skeleton.
The adder closely misses something.
The adder completely misses itself.
An ice beast comes into view.
Something hits your crimson imp. Something shocks your crimson imp.
The bullfrog skeleton hits you.
Your crimson imp blinks!
The ice beast misses you.
You enter the shallow water.
Moving in this stuff is going to be slow.
The ice beast misses you. The ice beast barely misses you.
The adder barely misses you.
You see here a quokka skeleton.
Casting: Call Imp (safe; 3% risk of failure)
Confirm with . or Enter, or press ? or * to list all spells.
You blink.
Splash!
Edmund the Younger comes into view.
He is wielding a +2 dire flail of protection and wearing a +1 chain mail of poison resistance.
The bullfrog skeleton completely misses you.
Casting: Blink (safe; 6% risk of failure)
Confirm with . or Enter, or press ? or * to list all spells.
You are still too unstable to blink.
Unknown command.
Unknown command.
Okay, then.
Okay, then.
You aren't carrying any items that you can evoke.
Unknown command.
Why would you want to do that?
Unknown command.
You feel very buoyant.
You fly up into the air.
The adder bites you.
You are poisoned.
The adder poisons you! The bullfrog skeleton hits you.
Something completely misses you. The ice beast hits you.
The ice beast freezes you!
* * * LOW HITPOINT WARNING * * *
Your crimson imp blinks!
You completely miss something.
You die...

##### ##### ##≈..# ##≈.Y###≈≈..#
#.§.S@##≈.#.# #.≈#≈Z≈#Y≈#.# ##
#≈≈#≈≈≈#≈.#.#### ##...##
#≈≈#≈S≈#S.#....#######
##.....###≈≈#≈Z5#≈Z#.##........
#.......##≈≈#≈@≈#≈≈#S##........
#........#.≈#≈÷≈#≈.#..#........
.#.......#.≈.##...≈≈#..#........
........##≈≈.###...##..#........


You could see Edmund, an ice beast, 2 adders, a howler monkey zombie, a bullfrog
skeleton (ally target) and a friendly crimson imp (summoned).

Vanquished Creatures
  A hell rat (Sewer)
  A mummy (D:4)
  A gnoll (D:4)
  7 adders
  A river rat (Sewer)
  3 dart slugs (D:1)
  2 orcs
  3 endoplasms
  4 giant cockroaches
  2 goblins
  5 hobgoblins
  2 jackals (D:1)
  8 quokkas
  5 ball pythons
  3 bats
  A frilled lizard (D:3)
  6 kobolds
  8 rats
63 creatures vanquished.

Vanquished Creatures (collateral kills)
  A scorpion (D:4)
  2 gnolls (D:4)
  A quokka (D:4)
4 creatures vanquished.

Grand Total: 67 creatures vanquished

Notes
Turn   | Place    | Note
-------+----------+-------------------------------------------
     0 | D:1      | ryathie the Deep Elf Hedge Wizard began the quest for the
                  | Orb.
     0 | D:1      | Reached XP level 1. HP: 10/10 MP: 7/7
   206 | D:1      | Reached XP level 2. HP: 6/15 MP: 4/9
   467 | D:1      | Learned a level 2 spell: Call Imp
   469 | D:1      | Learned a level 1 spell: Slow
   472 | D:1      | Learned a level 2 spell: Blink
   544 | D:1      | Reached skill level 5 in Spellcasting
   649 | D:1      | Found a faded altar of an unknown god.
   867 | D:2      | Reached XP level 3. HP: 19/19 MP: 6/11
   871 | D:2      | Learned a level 3 spell: Mephitic Cloud
   875 | D:2      | Learned a level 3 spell: Conjure Flame
  2010 | D:3      | Reached XP level 4. HP: 24/24 MP: 8/13
  2206 | D:3      | Reached skill level 1 in Air Magic
  2206 | D:3      | Reached skill level 1 in Poison Magic
  2680 | D:4      | Noticed a scorpion
  2709 | D:4      | Found a snail-covered altar of Cheibriados.
  2833 | D:4      | Reached XP level 5. HP: 9/28 MP: 1/15
  3285 | D:4      | Found a staircase to the Ecumenical Temple.
  3294 | Temple   | Entered the Ecumenical Temple
  3741 | Temple   | Became a worshipper of Vehumet
  4195 | D:5      | Entered Level 5 of the Dungeon
  4231 | D:5      | Found a glowing drain.
  4237 | D:5      | Reached skill level 6 in Spellcasting
  4274 | Sewer    | Entered a sewer
  4652 | D:5      | Noticed a sky beast
  4662 | D:5      | Noticed an ice beast
  4665 | D:5      | Noticed Edmund
  4666 | D:5      | HP: 1/28 [ice beast (9)]
  4667 | D:5      | Succumbed to an adder's poison

Illustrated notes

Levels and vault maps discovered:
D:1:      lemuel_arrival_lava_pool, layout_rooms,
          ebering_ecumenical_altar_abandoned
D:2:      layout_basic
D:3:      layout_loops_corners, hangedman_decor_lopped
D:4:      layout_loops_cross, chei_slow_surprise, lemuel_temple_firewalk_a,
          st_stairs_13
D:5:      layout_rooms, kennysheep_mini_moat, gup_sewer_entry_pipe,
          minmay_quadrilaterals, uniq_edmund
Temple:   mainiacjoe_temple_big_plus

Skill      XL: |  1  2  3  4  5 |
---------------+----------------+-----
Conjurations   | 2 3 |  3.9
Spellcasting   | 5 6 |  6.0
Air Magic      | 1 2 |  2.0
Poison Magic   | 1 2 |  2.0
Summonings     | 2 |  2.3
Dodging        | |  2.4
Stealth        | |  2.4
Translocations | |  1.1

Action                   |  1- 3 |  4- 6 || total
-------------------------+-------+-------++-------
Melee: Dagger            |     4 |    27 ||    31
 Cast: Magic Dart        |    82 |    77 ||   159
       Call Imp          |       |    14 ||    14
       Mephitic Cloud    |       |     6 ||     6
       Blink             |       |     2 ||     2
  Use: Scroll            |     3 |     5 ||     8
       Potion            |       |     1 ||     1
 Stab: Distracted        |       |     1 ||     1
       Confused          |       |     1 ||     1
       Sleeping          |       |     1 ||     1
Armor: Robe              |     3 |     2 ||     5
Dodge: Dodged            |     7 |    32 ||    39
